TOP OF THE 1ST |
New Orleans Looters batting - Pitching for Plymouth Rocks : RHP Mario Torres
|
Pitching: RHP Mario Torres
|
|
Batting: RHB Francisco Ibarra
|
0-0: Ball 1-0: Called Strike 1-1: Fly out, F3 (Popup, 3DF)
|
Batting: LHB José Esparza
|
0-0: Ball 1-0: Ball 2-0: Called Strike 2-1: Ball 3-1: Base on Balls
|
Batting: RHB Stephen Shaw
|
0-0: Grounds into double play, 1-4-3 (Groundball, 23)
|
Top of the 1st over - 0 run(s), 0 hit(s), 0 error(s), 0 left on base; New Orleans 0 - Plymouth 0 |
BOTTOM OF THE 1ST |
Plymouth Rocks batting - Pitching for New Orleans Looters : RHP Gennarino Lucchetti
|
Pitching: RHP Gennarino Lucchetti
|
|
Batting: RHB António Zúñiga
|
0-0: Called Strike 0-1: Ball 1-1: Ball 2-1: Ground out 5-3 (Groundball, 56)
|
Batting: RHB Frederico Hernández
|
0-0: Called Strike 0-1: Ball 1-1: Ball 2-1: Ground out 5-3 (Groundball, 5)
|
Batting: LHB Frank Geddes
|
0-0: Fly out, F7 (Popup, 56D)
|
Bottom of the 1st over - 0 run(s), 0 hit(s), 0 error(s), 0 left on base; New Orleans 0 - Plymouth 0 |
TOP OF THE 2ND |
New Orleans Looters batting - Pitching for Plymouth Rocks : RHP Mario Torres
|
Batting: SHB Oliver Deleón
|
0-0: Ground out 1-3 (Groundball, 25)
|
Batting: RHB Jimmy Simon
|
0-0: Ground out 6-3 (Groundball, 6)
|
Batting: LHB Fernando Ramos
|
0-0: Ball 1-0: Ball 2-0: Ball 3-0: Base on Balls
|
Batting: SHB Toshinobu Tanaka
|
0-0: Ball 1-0: Fly out, F7 (Flyball, 7M)
|
Top of the 2nd over - 0 run(s), 0 hit(s), 0 error(s), 1 left on base; New Orleans 0 - Plymouth 0 |
BOTTOM OF THE 2ND |
Plymouth Rocks batting - Pitching for New Orleans Looters : RHP Gennarino Lucchetti
|
Batting: RHB Millard Boyd
|
0-0: Ball 1-0: Swinging Strike 1-1: Ground out 5-3 (Groundball, 15S)
|
Batting: RHB Dexter Potter
|
0-0: Ground out 1-4-3 (Groundball, 15S)
|
Batting: LHB John Doby
|
0-0: Called Strike 0-1: Foul Ball, location: 2F 0-2: Ball 1-2: Strikes out looking
|
Bottom of the 2nd over - 0 run(s), 0 hit(s), 0 error(s), 0 left on base; New Orleans 0 - Plymouth 0 |
TOP OF THE 3RD |
New Orleans Looters batting - Pitching for Plymouth Rocks : RHP Mario Torres
|
Batting: RHB Dave O'Loan
|
0-0: Fly out, F5 (Line Drive, 56S)
|
Batting: RHB António Yánez
|
0-0: Called Strike 0-1: Ball 1-1: Ball 2-1: Called Strike 2-2: Ball 3-2: Foul Ball, location: 2F 3-2: Foul Ball, location: 2F 3-2: Strikes out swinging
|
Batting: RHB Francisco Ibarra
|
0-0: Ball 1-0: Ground out 6-3 (Groundball, 6MS)
|
Top of the 3rd over - 0 run(s), 0 hit(s), 0 error(s), 0 left on base; New Orleans 0 - Plymouth 0 |
BOTTOM OF THE 3RD |
Plymouth Rocks batting - Pitching for New Orleans Looters : RHP Gennarino Lucchetti
|
Batting: RHB Alberto Ramos
|
0-0: Ball 1-0: Called Strike 1-1: Ball 2-1: Foul Ball, location: 2F 2-2: Strikes out swinging
|
Batting: RHB Yoshinori Sasaki
|
0-0: Foul Ball, location: 2F 0-1: Called Strike 0-2: Strikes out swinging
|
Batting: RHB Alberto Hernández
|
0-0: Called Strike 0-1: Ball 1-1: Called Strike 1-2: Ball 2-2: Ball 3-2: Fly out, F7 (Line Drive, 78D)
|
Bottom of the 3rd over - 0 run(s), 0 hit(s), 0 error(s), 0 left on base; New Orleans 0 - Plymouth 0 |
TOP OF THE 4TH |
New Orleans Looters batting - Pitching for Plymouth Rocks : RHP Mario Torres
|
Batting: LHB José Esparza
|
0-0: Fly out, F8 (Flyball, 8RM)
|
Batting: RHB Stephen Shaw
|
0-0: Ball 1-0: SINGLE (Line Drive, 7S)
|
Batting: SHB Oliver Deleón
|
0-0: Ball 1-0: Ball 2-0: Ball 3-0: Called Strike 3-1: Foul Ball, location: 2F 3-2: Foul Ball, location: 2F 3-2: Base on Balls Stephen Shaw to second
|
Batting: RHB Jimmy Simon
|
0-0: Called Strike 0-1: Ball 1-1: Ball 2-1: Fly out, F3 (Popup, 3SF)
|
Batting: LHB Fernando Ramos
|
0-0: Ball 1-0: Foul Ball, location: 2F 1-1: Ground out U3 (Groundball, 3L)
|
Top of the 4th over - 0 run(s), 1 hit(s), 0 error(s), 2 left on base; New Orleans 0 - Plymouth 0 |
BOTTOM OF THE 4TH |
Plymouth Rocks batting - Pitching for New Orleans Looters : RHP Gennarino Lucchetti
|
Batting: RHB António Zúñiga
|
0-0: Called Strike 0-1: Called Strike 0-2: Strikes out swinging
|
Batting: RHB Frederico Hernández
|
0-0: Ball 1-0: Ground out 5-3 (Groundball, 56)
|
Batting: LHB Frank Geddes
|
0-0: SINGLE (Groundball, 3D)
|
Batting: RHB Millard Boyd
|
Pickoff Throw to First - Out!
|
Bottom of the 4th over - 0 run(s), 1 hit(s), 0 error(s), 0 left on base; New Orleans 0 - Plymouth 0 |
TOP OF THE 5TH |
New Orleans Looters batting - Pitching for Plymouth Rocks : RHP Mario Torres
|
Batting: SHB Toshinobu Tanaka
|
0-0: Called Strike 0-1: Swinging Strike 0-2: Strikes out swinging
|
Batting: RHB Dave O'Loan
|
0-0: Swinging Strike 0-1: SINGLE (Line Drive, 6MD)
|
Batting: RHB António Yánez
|
0-0: Foul Ball, location: 2F 0-1: Called Strike 0-2: Strikes out swinging
|
Batting: RHB Francisco Ibarra
|
0-0: Fly out, F3 (Popup, 3DF)
|
Top of the 5th over - 0 run(s), 1 hit(s), 0 error(s), 1 left on base; New Orleans 0 - Plymouth 0 |
BOTTOM OF THE 5TH |
Plymouth Rocks batting - Pitching for New Orleans Looters : RHP Gennarino Lucchetti
|
Batting: RHB Millard Boyd
|
0-0: Foul Ball, location: 2F 0-1: Ground out 6-3 (Groundball, 6)
|
Batting: RHB Dexter Potter
|
0-0: Fly out, F9 (Popup, 9S)
|
Batting: LHB John Doby
|
0-0: SOLO HOME RUN (Flyball, 9LD), Distance : 367 ft
|
Batting: RHB Alberto Ramos
|
0-0: Called Strike 0-1: Ball 1-1: Fly out, F2 (Popup, 23F)
|
Bottom of the 5th over - 1 run(s), 1 hit(s), 0 error(s), 0 left on base; New Orleans 0 - Plymouth 1 |
TOP OF THE 6TH |
New Orleans Looters batting - Pitching for Plymouth Rocks : RHP Mario Torres
|
Batting: LHB José Esparza
|
0-0: Called Strike 0-1: Foul Ball, location: 2F 0-2: Hit by Pitch
|
Pinch Runner at 1st Diego Rivera:
|
|
Batting: RHB Stephen Shaw
|
0-0: Called Strike 0-1: Swinging Strike 0-2: Strikes out swinging
|
Batting: SHB Oliver Deleón
|
0-0: Ball 1-0: Foul Ball, location: 2F 1-1: Swinging Strike 1-2: Ball 2-2: Strikes out swinging
|
Batting: RHB Jimmy Simon
|
0-0: Called Strike 0-1: Foul Ball, location: 2F 0-2: Strikes out swinging
|
Top of the 6th over - 0 run(s), 0 hit(s), 0 error(s), 1 left on base; New Orleans 0 - Plymouth 1 |
BOTTOM OF THE 6TH |
Plymouth Rocks batting - Pitching for New Orleans Looters : RHP Gennarino Lucchetti
|
Now in RF: Diego Rivera
|
|
Batting: RHB Yoshinori Sasaki
|
0-0: Ball 1-0: Called Strike 1-1: Swinging Strike 1-2: Foul Ball, location: 2F 1-2: Ball 2-2: Foul Ball, location: 2F 2-2: Fly out, F9 (Flyball, 89M)
|
Batting: RHB Alberto Hernández
|
0-0: Ball 1-0: Ball 2-0: Called Strike 2-1: Ground out 4-3 (Groundball, 4)
|
Batting: RHB António Zúñiga
|
0-0: Called Strike 0-1: Fly out, F8 (Flyball, 8RD)
|
Bottom of the 6th over - 0 run(s), 0 hit(s), 0 error(s), 0 left on base; New Orleans 0 - Plymouth 1 |
TOP OF THE 7TH |
New Orleans Looters batting - Pitching for Plymouth Rocks : RHP Mario Torres
|
Batting: LHB Fernando Ramos
|
0-0: Swinging Strike 0-1: Foul Ball, location: 2F 0-2: Strikes out swinging
|
Batting: SHB Toshinobu Tanaka
|
0-0: Ball 1-0: Ball 2-0: Ball 3-0: Called Strike 3-1: Base on Balls
|
Batting: RHB Dave O'Loan
|
0-0: Ball Wild Pitch! Toshinobu Tanaka to second 1-0: Ball 2-0: Foul Ball, location: 2F 2-1: Swinging Strike 2-2: Ball 3-2: Ground out 6-3 (Groundball, 6M) Toshinobu Tanaka to third
|
Pinch Hitting: RHB José Mora
|
0-0: Ground out 6-3 (Groundball, 6)
|
Top of the 7th over - 0 run(s), 0 hit(s), 0 error(s), 1 left on base; New Orleans 0 - Plymouth 1 |
BOTTOM OF THE 7TH |
Plymouth Rocks batting - Pitching for New Orleans Looters : RHP Gennarino Lucchetti
|
Now at 3B: José Mora
|
|
Batting: RHB Frederico Hernández
|
0-0: Foul Ball, location: 2F 0-1: Ball 1-1: Ground out 1-3 (Groundball, 23)
|
Batting: LHB Frank Geddes
|
0-0: Called Strike 0-1: Called Strike 0-2: Strikes out swinging
|
Batting: RHB Millard Boyd
|
0-0: Foul Ball, location: 2F 0-1: Ball 1-1: SINGLE (Line Drive, 6)
|
Batting: RHB Dexter Potter
|
0-0: Ball 1-0: Called Strike 1-1: Ball 2-1: SINGLE (Groundball, 13S) (infield hit) Millard Boyd to second
|
Batting: LHB John Doby
|
0-0: Ball 1-0: Ball 2-0: SINGLE (Line Drive, 4MD) Millard Boyd to third Dexter Potter to second Runner from 3rd tries for Home, throw and OUT!
|
Bottom of the 7th over - 0 run(s), 3 hit(s), 0 error(s), 2 left on base; New Orleans 0 - Plymouth 1 |
TOP OF THE 8TH |
New Orleans Looters batting - Pitching for Plymouth Rocks : RHP Mario Torres
|
Batting: RHB Francisco Ibarra
|
0-0: Ball 1-0: Ball 2-0: Called Strike 2-1: Ground out 4-3 (Groundball, 4M)
|
Batting: RHB Diego Rivera
|
0-0: Ball 1-0: Ground out 6-3 (Groundball, 6)
|
Batting: RHB Stephen Shaw
|
0-0: Ball 1-0: Called Strike 1-1: Ball 2-1: Fly out, F7 (Line Drive, 7M)
|
Top of the 8th over - 0 run(s), 0 hit(s), 0 error(s), 0 left on base; New Orleans 0 - Plymouth 1 |
BOTTOM OF THE 8TH |
Plymouth Rocks batting - Pitching for New Orleans Looters : RHP Gennarino Lucchetti
|
Batting: RHB Alberto Ramos
|
0-0: Called Strike 0-1: Ball 1-1: Called Strike 1-2: Foul Ball, location: 2F 1-2: Ball 2-2: Ground out 1-3 (Groundball, 15)
|
Batting: RHB Yoshinori Sasaki
|
0-0: Ball 1-0: Ball 2-0: Swinging Strike 2-1: Ball 3-1: Swinging Strike 3-2: Strikes out looking
|
Batting: RHB Alberto Hernández
|
0-0: Ball 1-0: Swinging Strike 1-1: Swinging Strike 1-2: Ball 2-2: Foul Ball, location: 2F 2-2: Strikes out swinging
|
Bottom of the 8th over - 0 run(s), 0 hit(s), 0 error(s), 0 left on base; New Orleans 0 - Plymouth 1 |
TOP OF THE 9TH |
New Orleans Looters batting - Pitching for Plymouth Rocks : RHP Mario Torres
|
Batting: SHB Oliver Deleón
|
0-0: Called Strike 0-1: Swinging Strike 0-2: Ball 1-2: Strikes out swinging
|
Batting: RHB Jimmy Simon
|
0-0: Ball 1-0: Ground out 5-3 (Groundball, 56)
|
Batting: LHB Fernando Ramos
|
0-0: Ball 1-0: Swinging Strike 1-1: Ball 2-1: Foul Ball, location: 2F 2-2: DOUBLE (Flyball, 89XD)
|
Batting: SHB Toshinobu Tanaka
|
0-0: Ball 1-0: Foul Ball, location: 2F 1-1: 2-RUN HOME RUN (Flyball, 9D), Distance : 370 ft
|
Pitching: RHP Erik Estes
|
|
Batting: RHB Dave O'Loan
|
0-0: Ball 1-0: Ball 2-0: TRIPLE (Line Drive, 8LM)
|
Batting: RHB José Mora
|
0-0: Ball 1-0: Ball 2-0: Ground out 5-3 (Groundball, 5S)
|
Top of the 9th over - 2 run(s), 3 hit(s), 0 error(s), 1 left on base; New Orleans 2 - Plymouth 1 |
BOTTOM OF THE 9TH |
Plymouth Rocks batting - Pitching for New Orleans Looters : RHP Gennarino Lucchetti
|
Pitching: LHP Juan Méndez
|
|
Now at C: Dominic Turner
|
|
Batting: RHB António Zúñiga
|
0-0: Swinging Strike 0-1: SOLO HOME RUN (Flyball, 78XD), Distance : 436 ft
|
Batting: RHB Frederico Hernández
|
0-0: Called Strike 0-1: Ground out 3-1 (Groundball, 3)
|
Pinch Hitting: RHB Tadakuni Sugiyama
|
0-0: Foul Ball, location: 2F 0-1: Swinging Strike 0-2: Ball 1-2: Ball 2-2: Strikes out looking
|
Batting: RHB Millard Boyd
|
0-0: Ball 1-0: Called Strike 1-1: Ball 2-1: Ground out 4-3 (Groundball, 4M)
|
Bottom of the 9th over - 1 run(s), 1 hit(s), 0 error(s), 0 left on base; New Orleans 2 - Plymouth 2 |
TOP OF THE 10TH |
New Orleans Looters batting - Pitching for Plymouth Rocks : RHP Erik Estes
|
Now at SS: Jorge Márquez
|
|
Batting: RHB Francisco Ibarra
|
0-0: Called Strike 0-1: Ball 1-1: Called Strike 1-2: Strikes out swinging
|
Batting: RHB Diego Rivera
|
0-0: Ball 1-0: DOUBLE (Line Drive, 8RXD)
|
Batting: RHB Stephen Shaw
|
0-0: Called Strike 0-1: Foul Ball, location: 2F 0-2: Ball 1-2: Fly out, F9 (Flyball, 9LM)
|
Batting: SHB Oliver Deleón
|
0-0: Swinging Strike 0-1: Ball 1-1: DOUBLE (Line Drive, 34D) Diego Rivera scores
|
Batting: RHB Jimmy Simon
|
0-0: Ball 1-0: Ball 2-0: Reached on error, E3 (Groundball, 34) Oliver Deleón scores
|
Batting: RHB Dominic Turner
|
0-0: Foul Ball, location: 2F 0-1: Ball 1-1: Fly out, F8 (Line Drive, 8LM)
|
Top of the 10th over - 2 run(s), 2 hit(s), 1 error(s), 1 left on base; New Orleans 4 - Plymouth 2 |
BOTTOM OF THE 10TH |
Plymouth Rocks batting - Pitching for New Orleans Looters : LHP Juan Méndez
|
Batting: RHB Dexter Potter
|
0-0: Swinging Strike 0-1: SINGLE (Flyball, 9LS)
|
Batting: LHB John Doby
|
0-0: Called Strike 0-1: SINGLE (Groundball, 4M) Dexter Potter to second
|
Batting: RHB Alberto Ramos
|
0-0: Foul Ball, location: 2F 0-1: Sac Bunt - play at third, runner OUT! 2-5 John Doby to second
|
Batting: RHB Yoshinori Sasaki
|
0-0: Ball 1-0: Grounds into double play, 6-4-3 (Groundball, 6)
|
Bottom of the 10th over - 0 run(s), 2 hit(s), 0 error(s), 1 left on base; New Orleans 4 - Plymouth 2 |
|